 Dungeon Crawl Stone Soup version 0.32-a0-814-g0968bab981 (webtiles) character file.

Game seed: 9085946524587150713

414 smashvw the Trooper (level 6, 0/41 HPs)
             Began as a Gargoyle Monk on Mar 23, 2024.
             Slain by a cerulean imp
             ... wielding a +0 spear
             ... summoned by Natasha
              (1 damage)
             ... on level 4 of the Dungeon.
             The game lasted 00:03:49 (2730 turns).

smashvw the Trooper (Gargoyle Monk)                 Turns: 2730, Time: 00:03:50

Health: 0/41       AC:  8    Str: 17    XL:     6   Next: 91%
Magic:  6/6        EV: 11    Int: 10    God:
Gold:   222        SH:  0    Dex: 12    Spells: 5/5 levels left

rFire   . . .        a - +0 hand axe
rCold   . . .        d - orb {light}
rNeg    + . .        b - +0 robe
rPois   ∞            (no helmet)
rElec   +            o - +0 cloak
rCorr   .            h - +0 pair of gloves
SInv    .            (no boots)
Will    .....        (no amulet)
Stlth   +            n - +4 ring of slaying
HPRegen 0.26/turn    (no ring)
MPRegen 0.10/turn

%: no passive effects
@: slowed, glowing, very slow
A: sickness immunity, AC +4, negative energy resistance 1, electricity
resistance, torment resistance 1, petrification resistance
a: no special abilities


You were on level 4 of the Dungeon.
You visited 1 branch of the dungeon, and saw 4 of its levels.

You collected 222 gold pieces.

Inventory:

Hand Weapons
 a - a +0 hand axe (weapon)
Armour
 b - a +0 robe (worn)
 d - an orb of light (worn)
 h - a +0 pair of gloves (worn)
 o - a +0 cloak (worn)
Jewellery
 n - a +4 ring of slaying (left hand)
Scrolls
 f - 3 scrolls of identify {unknown}
 g - a scroll of silence {unknown}
 i - 2 scrolls of teleportation {unknown}
 j - a scroll of enchant weapon {unknown}
 k - a scroll of blinking {unknown}
 m - a scroll of immolation {unknown}
Potions
 c - 2 potions of ambrosia
 e - a potion of enlightenment {unknown}
 l - 2 potions of curing {unknown}
 p - a potion of mutation {unknown}
 q - a potion of haste {unknown}
 r - a potion of brilliance {unknown}
 s - a potion of degeneration {unknown}


   Skills:
 + Level 6.2 Fighting
 + Level 5.2 Axes
 - Level 2.4 Dodging


You had 5 spell levels left.
You didn't know any spells.
Your spell library contained the following spells:

 Spells                   Type           Power      Damage    Failure   Level
 Magic Dart               Conj           0%         1d3       36%         1
 Blink                    Tloc           0%         N/A       50%         2
 Call Imp                 Summ           0%         N/A       50%         2


Dungeon Overview and Level Annotations

Branches:
Dungeon (4/15)
 Temple: D:4-7

Altars:
Wu Jian
Zin

Shops:
D:1 *

Annotations:
D:3 1 runed translucent door, Crazy Yiuf
D:4 Natasha


Innate Abilities, Weirdness & Mutations

You are immune to sickness and miasma.
Your stone body is resilient. (AC +4)
You are immune to poison.
You resist negative energy. (rN+)
You are resistant to electric shocks. (rElec)
You are resistant to unholy torment.
You are immune to petrification.


Message History

The black bear is almost dead.
The black bear bites you.
The black bear claws you but does no damage.
The black bear closely misses you. x2
The black bear claws you but does no damage.
The black bear closely misses you.
Natasha casts a spell.
You hit the black bear.
You kill the black bear!
The goblin barely misses you.
Your Fighting skill increases to level 6!
Your Axes skill increases to level 5!
You barely miss the goblin. The goblin closely misses you.
The cerulean imp hits you from afar with a +0 spear.
You hit the goblin.
The goblin is almost dead.
The goblin hits you but does no damage.
The cerulean imp hits you but does no damage.
Natasha mumbles some strange words.
The cerulean imp hits you from afar with a +0 spear.
You slash the ribbon worm!
The ribbon worm is heavily wounded.
The cerulean imp barely misses you.
The cerulean imp hits you from afar with a +0 spear.
You slash the ribbon worm!
You kill the ribbon worm!
The cerulean imp misses you.
The cerulean imp hits you but does no damage.
Natasha claws you but does no damage.
The cerulean imp hits you from afar with a +0 spear.
* * * LOW HITPOINT WARNING * * *
The cerulean imp hits you from afar with a +0 spear.
* * * LOW HITPOINT WARNING * * *
You hit Natasha.
Natasha is heavily wounded.
Natasha casts a spell at you. The magic dart hits you!
* * * LOW HITPOINT WARNING * * *
The cerulean imp hits you from afar with a +0 spear.
You die...

#..### #....####.
# ......... #.
#........
###.####<.#
..........###
.......g5...#
#######h#5.##
#.....#@..†####
#..$..#.^.....#
#(._.$'.......#
#...$.#..........
#.....#†......###
#######.......♣
........#..##♣♣
####...###..♣
.... .♣..


You could see Natasha, 2 cerulean imps and a goblin.

Vanquished Creatures
  2 black bears
  A jelly (D:4)
  A sleepcap (D:4)
  An orc wizard (D:3)
  Natasha (D:4)
  Terence (D:3)
  2 adders
  A gnoll (D:3)
  3 dart slugs
  A ribbon worm (D:4)
  4 orcs (D:3)
  A bat (D:2)
  6 endoplasms
  2 giant cockroaches
  5 goblins
  6 hobgoblins
  10 kobolds
  2 quokkas (D:1)
  9 ball pythons
  3 frilled lizards
  4 rats
66 creatures vanquished.

Notes
Turn   | Place    | Note
-------+----------+-------------------------------------------
     0 | D:1      | smashvw the Gargoyle Monk began the quest for the Orb.
     0 | D:1      | Reached XP level 1. HP: 14/14 MP: 1/1
    92 | D:1      | Reached XP level 2. HP: 15/19 MP: 2/2
   224 | D:1      | Found Tyad's Assorted Antiques.
   544 | D:1      | Reached XP level 3. HP: 24/24 MP: 3/3
   603 | D:1      | Reached skill level 4 in Fighting
  1424 | D:2      | Reached XP level 4. HP: 30/30 MP: 4/4
  1588 | D:3      | Noticed Terence
  1600 | D:3      | Killed Terence
  1781 | D:3      | Found a runed translucent door.
  1782 | D:3      | Noticed Crazy Yiuf
  2016 | D:3      | Reached XP level 5. HP: 22/34 MP: 5/5
  2191 | D:3      | Noticed a black bear
  2198 | D:3      | Reached skill level 5 in Fighting
  2199 | D:3      | Killed a black bear
  2201 | D:3      | Reached XP level 6. HP: 16/40 MP: 6/6
  2402 | D:3      | Found an ornate altar of the Wu Jian Council.
  2650 | D:4      | Found a glowing silver altar of Zin.
  2710 | D:4      | Noticed Natasha
  2716 | D:4      | Killed Natasha
  2716 | D:4      | Noticed a black bear
  2718 | D:4      | Noticed Natasha
  2725 | D:4      | Killed a black bear
  2726 | D:4      | Reached skill level 6 in Fighting
  2726 | D:4      | Reached skill level 5 in Axes
  2730 | D:4      | HP: 1/41 [Natasha/magic dart (9)]
  2730 | D:4      | Slain by a cerulean imp

Illustrated notes

Levels and vault maps discovered:
D:1:      grunt_arrival_crossed_arrows, layout_loops_ring, serial_shops,
          nicolae_shop_trees, minmay_misc_feat_secret_circle, kennysheep_boxes
D:2:      layout_loops_ring, minmay_misc_feat_roman, kennysheep_another_room
D:3:      layout_basic, pdpol_wu_jian_five_deadly_venoms,
          minmay_randomly_rotated_circles, uniq_terence, uniq_crazy_yiuf_cottage
D:4:      layout_rooms, nicolae_yredelemnul_corpse_copse,
          makhleb_heckhound_becter, mainiacjoe_overflow_boulevard,
          mainiacjoe_overflow_24_doors, amcnicky_altar_gilded,
          minmay_temple_entry_junction, hellmonk_no_cap, uniq_natasha,
          uniq_ijyb, uniq_eustachio, uniq_sigmund

Skill      XL: |  1  2  3  4  5  6 |
---------------+-------------------+-----
Axes           | 3 4 5 |  5.2
Fighting       | 4 5 6 |  6.2
Dodging        | |  2.4

Action                     |  1- 3 |  4- 6 || total
---------------------------+-------+-------++-------
  Melee: Hand axe          |    87 |    72 ||   159
   Stab: Sleeping          |     1 |       ||     1
 Armour: Robe              |    64 |    74 ||   138
  Dodge: Dodged            |    41 |    56 ||    97

Table legend: (Time is in decaauts)
 A = Elapsed time spent in this place.
 B = Non-inter-level travel time spent in this place.
 C = Inter-level travel time spent in this place.
 D = Time resting spent in this place.
 E = Time spent auto-exploring this place.
 F = Levels seen in this place.
 G = Mean time per level.
                   A        B        C        D        E       F      G
               +--------+--------+--------+--------+--------+-----+--------+
         Total |   2776 |   2610 |    166 |      0 |   2217 |   4 |  694.0 |
       Dungeon |   2776 |   2610 |    166 |      0 |   2217 |   4 |  694.0 |
               +--------+--------+--------+--------+--------+-----+--------+

Top non-repeatable levels by time:
     D:3: 1072 daAuts
     D:1: 933 daAuts
     D:2: 682 daAuts
     D:4: 88 daAuts
